 Dungeon Crawl Stone Soup version 0.31-a0-230-g09eb5fc4d3 (webtiles) character file.

Game seed: 6539892652030237595

47 qw the Shooter (level 3, -3/21 HPs)
             Began as a Gargoyle Hexslinger on July 6, 2023.
             Slain by a gnoll
             ... wielding a +0 spear
              (8 damage)
             ... on level 2 of the Dungeon.
             The game lasted 00:00:20 (603 turns).

qw the Shooter (Gargoyle Hexslinger)                 Turns: 603, Time: 00:00:20

Health: -3/21      AC:  8    Str: 11    XL:     3   Next: 70%
Magic:  4/4        EV: 10    Int: 13    God:
Gold:   63         SH:  0    Dex: 14    Spells: 3/4 levels left

rFire   + . .        Y - +1 sling
rCold   . . .        (no shield)
rNeg    + . .        e - +0 ring mail
rPois   inf          (no helmet)
rElec   +            (no cloak)
rCorr   .            (no gloves)
SInv    .            (no boots)
Will    .....        (no amulet)
Stlth   +            b - ring of protection from fire
HPRegen 0.23/turn    (no ring)
MPRegen 0.09/turn

%: no passive effects
@: about to teleport
A: sickness immunity, AC +3, negative energy resistance 1, electricity
resistance, torment resistance 1, petrification resistance
a: no special abilities


You were on level 2 of the Dungeon.
You visited 1 branch of the dungeon, and saw 2 of its levels.

You collected 63 gold pieces.


Innate Abilities, Weirdness & Mutations

You are immune to sickness and miasma.
Your stone body is resilient. (AC +3)
You are immune to poison.
You resist negative energy. (rN+)
You are resistant to electric shocks. (rElec)
You are resistant to unholy torment.
You are immune to petrification.


   Skills:
 - Level 2.0 Fighting
 + Level 3.6 Ranged Weapons
 - Level 1.5 Dodging
 - Level 1.0 Spellcasting
 - Level 2.6 Hexes


You had 3 spell levels left.
You knew the following spells:

 Your Spells              Type           Power      Damage    Failure   Level
a - Slow                  Hex            28%        N/A       22%         1

Your spell library contained the following spells:

 Spells                   Type           Power      Damage    Failure   Level
 Inner Flame              Hex/Fire       4%         N/A       75%         3
 Portal Projectile        Hex/Tloc       8%         N/A       75%         3
 Cause Fear               Hex            3%         N/A       92%         4

Inventory:

Hand Weapons
 Y - a +1 sling (weapon)
Armour
 e - a +0 ring mail (worn)
Jewellery
 b - a ring of protection from fire (left hand)
Scrolls
 a - a scroll of teleportation
Potions
 c - a potion of heal wounds {unknown}
 g - a potion of magic {unknown}

Dungeon Overview and Level Annotations

Branches:
Dungeon (2/15)

Altars:

Shops:
D:2 [


Message History

The gnoll closely misses you. x2
You shoot a sling bullet.
The sling bullet hits the gnoll but does no damage.
The gnoll is almost dead.
The gnoll barely misses you. x2
You shoot a sling bullet.
The sling bullet hits the gnoll but does no damage.
The gnoll is almost dead.
The gnoll completely misses you. The gnoll hits you with a +0 whip.
You shoot a sling bullet. The sling bullet hits the gnoll.
You kill the gnoll!
The gnoll hits you from afar with a +0 spear.
The gnoll barely misses you.
You shoot a sling bullet.
The sling bullet barely misses the frilled lizard.
The sling bullet hits the gnoll.
The gnoll is lightly wounded.
An adder comes into view.
The frilled lizard closely misses you.
The gnoll hits you from afar with a +0 spear.
You shoot a sling bullet.
The sling bullet misses the frilled lizard.
The adder hisses angrily.
The sling bullet hits the gnoll!
The gnoll is heavily wounded.
The frilled lizard closely misses you. The gnoll closely misses you.
You shoot a sling bullet.
The sling bullet closely misses the frilled lizard.
The sling bullet hits the gnoll.
The gnoll is severely wounded.
The frilled lizard barely misses you.
The gnoll hits you from afar with a +0 spear.
The frilled lizard misses you.
The gnoll hits you from afar with a +0 spear.
603 ||| READING 2 scrolls of teleportation.
As you read the scroll of teleportation, it crumbles to dust.
You feel strangely unstable.
The frilled lizard bites you but does no damage.
The gnoll hits you from afar with a +0 spear!
You die...

##.....## #.......#
#...!.. #<......#
..[.... #.r......#
....... ..#.....##
....... .###...##
....... .# #.###
.g..... .###<#
####l...... .....#
##..@)S..... .....#
#..####..... .....#
#.####...### ###..#
#####......#
.##..####......#####
..........####.#
..#...#.### .#
........# ##
....###.#


You could see a gnoll, an adder and a frilled lizard.

Vanquished Creatures
  2 gnolls (D:2)
  A worm (D:2)
  A dart slug (D:1)
  An endoplasm (D:1)
  2 giant cockroaches
  5 goblins
  4 kobolds (D:1)
  A quokka (D:1)
  A ball python (D:1)
  2 bats (D:1)
  A frilled lizard (D:1)
  A rat (D:1)
22 creatures vanquished.

Notes
Turn   | Place    | Note
-------+----------+-------------------------------------------
     0 | D:1      | qw the Gargoyle Hexslinger began the quest for the Orb.
     0 | D:1      | Reached XP level 1. HP: 12/12 MP: 2/2
     0 | D:1      | 0 ||| qw: Version: 0.3-a-46-gb1f654a
     0 | D:1      | 0 ||| qw: Game counter: 1766
     0 | D:1      | 0 ||| qw: Melee chars always use a shield: true
     0 | D:1      | 0 ||| qw: God list: Okawaru
     0 | D:1      | 0 ||| qw: Allow faded altars: false
     0 | D:1      | 0 ||| qw: Do Orc after clearing Dungeon:15 true
     0 | D:1      | 0 ||| qw: Do second Lair branch before Depths: true
     0 | D:1      | 0 ||| qw: Lair rune preference: random
     0 | D:1      | 0 ||| qw: Goals: Normal
     0 | D:1      | 0 ||| PLANNING D:1-11
   119 | D:1      | Reached XP level 2. HP: 16/16 MP: 3/3
   147 | D:1      | Reached skill level 3 in Ranged Weapons
   240 | D:1      | You fall into a shaft and drop 1 floor!
   241 | D:2      | 241 ||| UPGRADING to +0 ring mail.
   251 | D:2      | 251 ||| DROPPING +0 robe.
   252 | D:2      | 252 ||| READING scroll labelled ONTEDD CACED.
   253 | D:2      | 253 ||| READING scroll labelled YNEV WIKHLUT.
   254 | D:2      | 254 ||| DROPPING scroll of poison.
   258 | D:2      | 258 ||| FLEEEEING.
   259 | D:2      | 259 ||| FLEEEEING.
   260 | D:2      | 260 ||| STAIRDANCE
   374 | D:1      | 374 ||| FLEEEEING.
   375 | D:1      | 375 ||| FLEEEEING.
   509 | D:1      | 509 ||| UPGRADING to ring of protection from fire.
   510 | D:1      | 510 ||| READING 3 scrolls labelled BARPHU NUMUIRU.
   531 | D:2      | Found Woas's Antique Armour Shoppe.
   541 | D:2      | 541 ||| SHOPLISTING ichor-stained steam dragon scales (1035
                  | gold, have 63).
   541 | D:2      | 541 ||| SHOPLISTING pair of twisted boots (218 gold, have
                  | 63).
   541 | D:2      | 541 ||| SHOPLISTING shiny ring mail (161 gold, have 63).
   549 | D:2      | Reached XP level 3. HP: 21/21 MP: 4/4
   602 | D:2      | HP: 5/21 [gnoll/+0 spear (2)]
   603 | D:2      | 603 ||| READING 2 scrolls of teleportation.
   603 | D:2      | Slain by a gnoll

Levels and vault maps discovered:
D:1:      dpeg_arrival_tiny_g, layout_rooms, serial_curves, eino_curves_04,
          eino_curves_04, minmay_octomino_j4
D:2:      layout_rooms, serial_shops, shop

Skill      XL: |  1  2 |
---------------+-------+-----
Ranged Weapons | 3 |  3.6
Fighting       | 2 |  2.0
Dodging        | |  1.5
Spellcasting   | |  1.0
Hexes          | |  2.6

Action                     || total
---------------------------++-------
   Fire: Sling             ||    74
    Use: Scroll            ||     4
 Armour: Robe              ||     2
         Ring mail         ||     4
  Dodge: Dodged            ||    25

Table legend:
 A = Non-vault XP
 B = Vault XP
 C = Vault XP percentage of total XP
 D = Non-vault monster count
 E = Vault monster count
 F = Vault count percentage of total count
                 A         B        C        D         E       F
            +---------+---------+-------+---------+---------+-------
      Total |      65 |       3 |   4.4 |      19 |       3 |  13.6
            +---------+---------+-------+---------+---------+-------
        D:1 |      28 |       3 |   9.7 |      14 |       3 |  17.6
        D:2 |      37 |       0 |   0.0 |       5 |       0 |   0.0
            +---------+---------+-------+---------+---------+-------
